 Dungeon Sprint DCSS version 0.16.2-12-gd0ad4c3 (webtiles) character file.

318 musteatbrain the Cleaver (level 6, -3/55 HPs)
             Began as a Demonspawn Berserker on Oct 15, 2015.
             Was a Priest of Trog.
             Slain by Sonja
             ... wielding a +0 dagger of distortion
              (6 damage)
             ... in the Dungeon (Sprint I: "Red Sonja").
             The game lasted 00:02:06 (354 turns).

musteatbrain the Cleaver (Demonspawn Berserker)      Turns: 354, Time: 00:02:06

Health: -3/55      AC:  2    Str: 18    XL:     6   Next: 21%
Magic:  6/6        EV: 13    Int:  8    God:    Trog [***...]
Gold:   324        SH:  0    Dex: 14    Spells: 0 memorised, 5 levels left

rFire  . . .     SeeInvis .     a - +0 hand axe
rCold  . . .     Clarity  .     b - +0 animal skin
rNeg   . . .     SustAb   .     (no shield)
rPois  .         Gourm    .     (helmet restricted)
rElec  .         Spirit   .     (no cloak)
rCorr  .         Warding  .     (no gloves)
rMut   .         NoTele   +     (no boots)
MR     .....                    (no amulet)
Stlth  +.........               (no ring)
                                (no ring)

@: lethally poisoned (-3 -> -9), exhausted, slowed, very slow, not resistant to
hostile enchantments, very unstealthy
A: antennae 1, talons 1, demonic guardian 1, powered by pain 1
a: Burn Spellbooks, Berserk, Trog's Hand, Renounce Religion


You were in the Dungeon.
You worshipped Trog.
Trog was most pleased with you.
You were not hungry.

You visited 1 branch You collected 324 gold pieces.

Inventory:

Hand weapons
 a - a +0 hand axe (weapon)
 c - the +7 flail of the Sage {flame, rElec rC+, unknown}
   (You found it in the Dungeon)

   It has been specially enchanted to burn those struck by it, causing extra
   injury to most foes and up to half again as much damage against particularly
   susceptible opponents.
   It protects you from cold.
   It insulates you from electricity.
Armour
 b - a +0 animal skin (worn)
Scrolls
 i - a scroll of blinking
Potions
 d - a potion of curing
 f - a potion of haste
 g - 2 potions of magic
 h - a potion of berserk rage
 j - a potion of beneficial mutation {unknown}
Comestibles
 k - 3 chunks of flesh


   Skills:
 + Level 7.6 Fighting
 * Level 9.4 Axes
 + Level 3.7 Armour
 + Level 3.6 Dodging


You had 5 spell levels left.
You didn't know any spells.

Dungeon Overview and Level Annotations

Branches:
Dungeon (1/1)

Altars:
Elyvilon
Gozag
Kikubaaqudgha
Makhleb
Nemelex Xobeh
Okawaru
Qazlal
Ru
Sif Muna
Trog
Vehumet
Xom
Yredelemnul
Zin
The Shining One

Shops:
D *

Annotations:
D Sonja


Innate Abilities, Weirdness & Mutations

You have a pair of small antennae on your head.
You have sharp toenails.
A weak demonic guardian rushes to your aid.
You sometimes gain a little power by taking damage.


Message History

You feel sick.
Sonja unwields an uncursed blowgun.
Sonja wields an uncursed dagger of distortion.
Its appearance distorts for a moment.
Sonja hits you with an uncursed dagger of distortion.
Space bends around you.
* * * LOW HITPOINT WARNING * * *
Sonja hits you but does no damage. Space bends around you.
* * * LOW HITPOINT WARNING * * *
Sonja closely misses you.
You slash Sonja! Your kick misses Sonja.
Sonja is moderately wounded.
You feel sick.
Sonja hits you with an uncursed dagger of distortion.
* * * LOW HITPOINT WARNING * * *
You feel a strange sense of stasis. Sonja hits you but does no damage.
Sonja closely misses you.
Sonja hits you with an uncursed dagger of distortion!
* * * LOW HITPOINT WARNING * * *
Space bends around you.
You die...

#..#####'#####'#
#..####..#...#.#
#..#__####..##)#
#..#_..__##'#..+
#⌠⌠#_.∩...'.(._#
####_..._##_.#+#
#_____###(#
#########K##
.......'@5$+
++++####$.$#
##.## #+#


You could see Sonja and a friendly crimson imp.

Vanquished Creatures
  A yak (D)
  An ogre (D)
  Sigmund (D)
  A jelly (D)
  Ijyb (D)
5 creatures vanquished.

Vanquished Creatures (others)
  An iron imp (D)
  A quasit (D)
  3 white imps (D)
5 creatures vanquished.

Grand Total: 10 creatures vanquished

Notes
Turn   | Place    | Note
--------------------------------------------------------------
     0 | D        | musteatbrain, the Demonspawn Berserker, began the quest for the Orb.
     0 | D        | Reached XP level 1. HP: 18/18 MP: 1/1
     1 | D        | Noticed Ijyb
     9 | D        | Killed Ijyb
     9 | D        | Reached skill level 4 in Fighting
     9 | D        | Gained mutation: A weak demonic guardian rushes to your aid. [demonic ancestry]
     9 | D        | Reached XP level 2. HP: 25/25 MP: 2/2
    60 | D        | Noticed an ogre
    64 | D        | Killed an ogre
    64 | D        | Reached skill level 5 in Fighting
    64 | D        | Reached skill level 6 in Axes
    64 | D        | Reached XP level 3. HP: 34/34 MP: 3/3
    64 | D        | Gained mutation: You have sharp toenails. [demonic ancestry]
    64 | D        | Reached XP level 4. HP: 40/40 MP: 4/4
    66 | D        | Acquired Trog's second power
   117 | D        | Noticed Sigmund
   125 | D        | Killed Sigmund
   125 | D        | Reached skill level 8 in Axes
   125 | D        | Gained mutation: You sometimes gain a little power by taking damage. [demonic ancestry]
   125 | D        | Reached XP level 5. HP: 47/47 MP: 5/5
   172 | D        | Found a deep blue altar of Sif Muna.
   173 | D        | Noticed a jelly
   174 | D        | Found a radiant altar of Vehumet.
   175 | D        | Got an iridescent flail
   180 | D        | Killed a jelly
   292 | D        | Found Aroih's Assorted Antiques.
   292 | D        | Found a white marble altar of Elyvilon.
   292 | D        | Found a stormy altar of Qazlal.
   292 | D        | Found a burning altar of Makhleb.
   292 | D        | Found a sacrificial altar of Ru.
   292 | D        | Found a basalt altar of Yredelemnul.
   292 | D        | Found a glowing golden altar of the Shining One.
   292 | D        | Found a sparkling altar of Nemelex Xobeh.
   292 | D        | Found a shimmering altar of Xom.
   292 | D        | Found an opulent altar of Gozag.
   292 | D        | Found an ancient bone altar of Kikubaaqudgha.
   292 | D        | Found a glowing silver altar of Zin.
   292 | D        | Noticed a yak
   296 | D        | Killed a yak
   296 | D        | Reached skill level 9 in Axes
   296 | D        | Gained mutation: You have a pair of small antennae on your head. [demonic ancestry]
   296 | D        | Reached XP level 6. HP: 55/55 MP: 6/6
   321 | D        | Found an iron altar of Okawaru.
   334 | D        | Found a bloodstained altar of Trog.
   343 | D        | Noticed Sonja
   354 | D        | Slain by Sonja

Action                   |  1- 3 |  4- 6 || total
-------------------------+-------+-------++-------
Melee: Hand axe          |     9 |    13 ||    22
Invok: Berserk           |     2 |     3 ||     5
  Use: Potion            |       |     1 ||     1
  Eat: Bread ration      |       |     1 ||     1
